 Dungeon Crawl Stone Soup version 0.31-a0-1612-g4aaf141004 (webtiles) character file.

Game seed: 5830185262478595797

7967 shadizar the Fighter (level 11, -4/85 HPs)
             Began as a Djinni Fire Elementalist on Jan 9, 2024.
             Slain by an entropy weaver (shapeshifter) (9 damage)
             ... on level 9 of the Dungeon.
             The game lasted 00:26:20 (9164 turns).

shadizar the Fighter (Djinni Fire Elementalist)     Turns: 9164, Time: 00:26:20

Health: -4/85      AC:  9    Str:  7    XL:     11   Next: 47%
Gold:   790        EV: 14    Int: 21    God:
                   SH:  5    Dex: 14

rFire   + + +        k - staff of fire
rCold   x . .        n - +0 buckler
rNeg    . . .        g - +0 steam dragon scales
rPois   ∞            (no helmet)
rElec   .            j - +2 cloak
rCorr   .            (no gloves)
SInv    .            (boots unavailable)
Will    +....        c - amulet of the acrobat
Stlth   ++           s - ring of protection from fire
HPRegen 0.34/turn    (no ring)
MPRegen 0.00/turn

%: acrobat, infuse magic (-5 HP)
@: flying
A: sickness immunity, fire resistance 2, cold vulnerability 1, float, innate
caster, HP casting, extra vitality 1
a: no special abilities


You were on level 9 of the Dungeon.
You visited 1 branch of the dungeon, and saw 9 of its levels.

You collected 790 gold pieces.

Inventory:

Hand Weapons
 e - the +9 short sword of Beogh's Favour {venom, rElec Int+4 Dex-4}
   (You found it on level 4 of the Dungeon)

   Int+4:     It affects your intelligence (+4).
   Dex-4:     It affects your dexterity (-4).
   rElec:     It insulates you from electricity.
Armour
 g - +0 steam dragon scales (worn)
 j - a +2 cloak (worn)
 l - the +1 ring mail of the Lost Path {Rampage Dex+2}
   (You found it on level 9 of the Dungeon)

   Dex+2:     It affects your dexterity (+2).
   Rampage:   It bestows one free step when moving towards enemies.
 n - a +0 buckler (worn)
 o - a +2 scale mail of fire resistance
Magical Staves
 k - a staff of fire (weapon)
Jewellery
 c - an amulet of the acrobat (around neck)
 s - a ring of protection from fire (left hand)
Wands
 i - a wand of light (6)
 p - a wand of digging (15)
 w - a wand of mindburst (10)
 x - a wand of paralysis (8)
 y - a wand of polymorph (9)
Scrolls
 b - 4 scrolls of teleportation
 q - a scroll of enchant armour
Potions
 d - a potion of resistance
 f - a potion of brilliance
 h - a potion of might
 m - 3 potions of enlightenment
 z - a potion of berserk rage {unknown}
Miscellaneous
 a - a phial of floods


   Skills:
 + Level 10.2 Fighting
 - Level 6.1 Armour
 + Level 6.2 Dodging
 - Level 1.5 Stealth
 + Level 5.2 Shields
 * Level 8.1 Spellcasting
 * Level 8.1 Conjurations
 * Level 8.1 Hexes
   Level 0.0 Charms
 * Level 8.1 Summonings
 * Level 8.1 Necromancy
 * Level 8.1 Translocations
   Level 0.0 Transmutations
 * Level 8.1 Fire Magic
 * Level 8.1 Ice Magic
 * Level 8.1 Air Magic
 * Level 8.1 Earth Magic
 * Level 8.1 Alchemy


You knew the following spells:

 Your Spells              Type           Power      Damage    Failure   Level
a - Foxfire               Conj/Fire      100%       2x1d9     1%          1
b - Scorch                Fire           100%       2d9       1%          2
c - Volatile Blastmotes   Fire/Tloc      100%       2d18      1%          3
d - Inner Flame           Hex/Fire       59%        N/A       1%          3
e - Flame Wave            Conj/Fire      59%        2d14      4%          4
f - Sandblast             Erth           84%        2d18      1%          1
g - Ensorcelled Hibernat  Hex/Ice        84%        N/A       1%          2
h - Static Discharge      Conj/Air       84%        3-7/arc   1%          2
i - Confusing Touch       Hex            42%        N/A       1%          3
j - Dimensional Bullseye  Hex/Tloc       21%        N/A       4%          4
Your spell library was empty.

Dungeon Overview and Level Annotations

Branches:
Dungeon (9/15)             Temple (0/1) D:5            Lair (0/5) D:8
    Orc (0/2) D:9

Altars:
Dithmenos
Makhleb
Qazlal
Ru
Wu Jian
Yredelemnul

Shops:
D:6 :   D:8 :

Annotations:
D:8 Amaemon


Innate Abilities, Weirdness & Mutations

You are immune to sickness and miasma.
You are immune to poison.
Your flesh is very heat resistant. (rF++)
You are vulnerable to cold. (rC-)
You float through the air rather than walking.
You learn spells naturally, not from books.
Your magical power is your life essence.
You have superior vitality. (+4 MHP)


Message History

Okay, then.
Casting: Inner Flame (safe; 1% risk of failure)
Confirm with . or Enter, or press ? or * to list all spells.
Okay, then.
Unknown command.
You feel better. The entropy weaver hits you!
You block the entropy weaver's attack. The entropy weaver closely misses you.
The entropy weaver hits you!
* * * LOW HITPOINT WARNING * * *
You feel better.
The entropy weaver hits you but does no damage.
The entropy weaver hits you!
* * * LOW HITPOINT WARNING * * *
The entropy weaver hits you but does no damage.
The entropy weaver barely misses you.
You feel better.
The entropy weaver is no longer more vulnerable to fire.
You block the entropy weaver's attack. The entropy weaver hits you!
* * * LOW HITPOINT WARNING * * *
The entropy weaver hits you but does no damage.
You block the entropy weaver's attack. The entropy weaver barely misses you.
The entropy weaver hits you.
* * * LOW HITPOINT WARNING * * *
The entropy weaver hits you.
* * * LOW HITPOINT WARNING * * *
The entropy weaver misses you.
Unknown command.
Unknown command.
Unknown command.
Unknown command.
Okay, then.
As you read the scroll labelled ISTEWUU BUEDGHEFUA, it crumbles to dust.
Your body is wracked with pain!
* * * LOW HITPOINT WARNING * * *
The entropy weaver convulses!
Flame seeps out of the entropy weaver.
It was a scroll of torment.
The entropy weaver is engulfed in blazing flames.
Flame seeps out of the entropy weaver.
The entropy weaver misses you. The entropy weaver closely misses you.
The entropy weaver hits you!
You die...

######.....!................#....
..# #..##########################
..# #.## ########## ..# #.#
####..'..G...
..###.###..#..#......
......##..)'.G####.B.##### ###
.>....##.).##'.#.## ##.(.## #...
#.#...###..##..#..###..#..###..#
#.#...# #.###..B@..#...#...⌠...#
#.#...###.##...#.......#.......#
...>....#.##...#...#...[)..#
#.###.#[#.##.#######..###'###'##
......#.#.#####...######.......##
#.#####.#.# #.......###...###...#
#.....#.# ##.......##...## #...
#.......# #.........'..## #.○
#.###.### #.........#..## ##.○


You could see an entropy weaver (inner flame).

Vanquished Creatures
  Harold (D:9)
  3 deep elf pyromancers (D:9)
  A meliai (shapeshifter) (D:9)
  An elephant (D:7)
  Prince Ribbit (D:7)
  A wraith (D:9)
  A wyvern (D:9)
  2 fire bats (D:9)
  6 yaks
  2 vampire mosquitoes (D:9)
  A steam dragon (D:8)
  A water moccasin (D:6)
  4 orc warriors
  7 ice beasts
  3 black bears
  An ogre (D:4)
  3 sky beasts (D:9)
  A centaur (D:5)
  A phantom (D:5)
  A kobold brigand (D:9)
  Blork the orc (D:6)
  A scorpion (D:4)
  5 bullfrogs
  A gnoll sergeant (D:8)
  3 wights (D:6)
  2 bombardier beetles
  7 hounds
  2 gnoll boudas
  A sleepcap (D:6)
  An iguana (D:5)
  7 orc wizards (D:9)
  14 gnolls
  6 adders
  2 ufetubi (D:5)
  4 dart slugs
  2 ribbon worms
  15 orcs
  3 ball pythons
  6 endoplasms
  2 giant cockroaches
  7 goblins
  3 hobgoblins
  9 kobolds
  5 quokkas
  6 bats
  2 frilled lizards
  5 rats
164 creatures vanquished.

Vanquished Creatures (collateral kills)
  3 foxfires (D:8)
3 creatures vanquished.

Vanquished Creatures (others)
  355 foxfires
355 creatures vanquished.

Grand Total: 522 creatures vanquished

Notes
Turn   | Place    | Note
-------+----------+-------------------------------------------
     0 | D:1      | shadizar the Djinni Fire Elementalist began the quest for
                  | the Orb.
     0 | D:1      | shadizar set off with the following spells memorised:
                  | Foxfire, Scorch, Volatile Blastmotes, Inner Flame, Flame
                  | Wave.
     0 | D:1      | Reached XP level 1. HP: 15/15 MP: 0/0
   143 | D:1      | Reached skill level 1 in Fighting
   143 | D:1      | Reached XP level 2. HP: 16/22 MP: 0/0
   302 | D:1      | Found a faded altar of an unknown god.
   431 | D:1      | Reached XP level 3. HP: 26/28 MP: 0/0
   431 | D:1      | Learned a level 1 spell: Sandblast
   600 | D:1      | Reached skill level 2 in Fighting
  1168 | D:2      | Reached XP level 4. HP: 32/34 MP: 0/0
  1560 | D:3      | Reached skill level 3 in Fighting
  1611 | D:3      | Reached XP level 5. HP: 36/40 MP: 0/0
  1611 | D:3      | Learned a level 2 spell: Ensorcelled Hibernation
  1885 | D:3      | Found an ornate altar of the Wu Jian Council.
  2369 | D:4      | Reached skill level 4 in Fighting
  2369 | D:4      | Reached XP level 6. HP: 41/47 MP: 0/0
  2373 | D:4      | Reached skill level 1 in Armour
  2442 | D:4      | Identified the +9 short sword of Beogh's Favour {venom,
                  | rElec Int+4 Dex-4}
  2514 | D:4      | Noticed an orc warrior
  2548 | D:3      | Killed an orc warrior
  2720 | D:4      | Reached skill level 5 in Fighting
  2720 | D:4      | Reached XP level 7. HP: 25/54 MP: 0/0
  2720 | D:4      | Learned a level 2 spell: Static Discharge
  3103 | D:5      | Entered Level 5 of the Dungeon
  3292 | D:5      | Reached skill level 6 in Fighting
  3337 | D:5      | Found a staircase to the Ecumenical Temple.
  3358 | D:5      | Reached XP level 8. HP: 59/61 MP: 0/0
  3798 | D:5      | Found a basalt altar of Yredelemnul.
  4254 | D:6      | Noticed Blork the orc
  4259 | D:6      | Killed Blork the orc
  4417 | D:6      | Found Yjyimiel's Book Shoppe.
  4461 | D:6      | Reached skill level 7 in Fighting
  4681 | D:6      | Reached skill level 5 in Spellcasting
  4681 | D:6      | Reached skill level 5 in Conjurations
  4681 | D:6      | Reached skill level 5 in Hexes
  4681 | D:6      | Reached skill level 5 in Summonings
  4681 | D:6      | Reached skill level 5 in Necromancy
  4681 | D:6      | Reached skill level 5 in Translocations
  4681 | D:6      | Reached skill level 5 in Fire Magic
  4681 | D:6      | Reached skill level 5 in Ice Magic
  4681 | D:6      | Reached skill level 5 in Air Magic
  4681 | D:6      | Reached skill level 5 in Earth Magic
  4681 | D:6      | Reached skill level 5 in Alchemy
  5256 | D:6      | Reached XP level 9. HP: 63/69 MP: 0/0
  5256 | D:6      | Learned a level 3 spell: Confusing Touch
  5268 | D:6      | Reached skill level 8 in Fighting
  5905 | D:7      | Noticed Prince Ribbit
  5913 | D:7      | Killed Prince Ribbit
  5914 | D:7      | Reached skill level 5 in Armour
  6293 | D:8      | Found Omulus's Self-Improvement Boutique.
  6295 | D:8      | Noticed Amaemon
  6295 | D:8      | Noticed an orange demon
  6453 | D:8      | Reached skill level 1 in Shields
  6455 | D:8      | Found a staircase to the Lair.
  6552 | D:8      | Noticed an elephant
  6652 | D:7      | Killed an elephant
  6653 | D:7      | Reached XP level 10. HP: 37/77 MP: 0/0
  6812 | D:8      | Reached skill level 9 in Fighting
  7149 | D:8      | Found a sacrificial altar of Ru.
  7152 | D:8      | Found a shadowy altar of Dithmenos.
  7156 | D:8      | Found a burning altar of Makhleb.
  7358 | D:9      | Identified the +1 ring mail of the Lost Path {Rampage
                  | Dex+2}
  7624 | D:9      | Found a staircase to the Orcish Mines.
  7789 | D:9      | Noticed Harold
  7838 | D:9      | Killed Harold
  8199 | D:9      | Found a stormy altar of Qazlal.
  8277 | D:9      | Reached skill level 5 in Dodging
  8348 | D:9      | Reached XP level 11. HP: 78/85 MP: 0/0
  8348 | D:9      | Learned a level 4 spell: Dimensional Bullseye
  8437 | D:9      | Noticed a deep elf pyromancer
  8492 | D:9      | Killed a deep elf pyromancer
  8604 | D:9      | Noticed a deep elf pyromancer
  8604 | D:9      | Noticed a deep elf pyromancer
  8604 | D:9      | Noticed a deep elf pyromancer
  8909 | D:9      | Noticed a deep elf pyromancer
  8912 | D:9      | Killed a deep elf pyromancer
  8913 | D:9      | Reached skill level 10 in Fighting
  9012 | D:9      | Reached skill level 5 in Shields
  9054 | D:9      | Killed a deep elf pyromancer
  9143 | D:9      | Noticed a glowing orange brain
  9143 | D:9      | Noticed an entropy weaver
  9154 | D:9      | a glowing orange brain changed into a meliai
  9154 | D:9      | Noticed a meliai (shapeshifter)
  9155 | D:9      | Killed a meliai
  9164 | D:9      | HP: 4/85 [/a scroll of torment (1)]
  9164 | D:9      | Slain by an entropy weaver (shapeshifter)

Illustrated notes

Levels and vault maps discovered:
D:1:      ncdulo_wetmaze, layout_loops_ring,
          shapermc_ecumenical_altar_starsandcircs, chequers_decorated_corner,
          corexii_item_surrounded_by_moat
D:2:      layout_basic
D:3:      layout_loops_cross, nzn_wu_jian_contemplation
D:4:      layout_basic, hex_intersection, minmay_surrounded
D:5:      layout_gridville, mainiacjoe_overflow_alcove_4,
          minmay_temple_entry_glassed_door
D:6:      layout_loops_corners, serial_shops, nicolae_shop_hallway_stairs,
          uniq_blork_the_orc
D:7:      layout_loops_ring, serial_library_hellmonk_h_bend, uniq_prince_ribbit1
D:8:      layout_loops_cross, grunt_temple_overflow_diamond,
          grunt_lair_entry_orc_guard_hut, nicolae_shop_self_help, uniq_amaemon
D:9:      dpeg_index_elf_rogue_hall, layout_basic,
          nicolae_qazlal_scattered_showers, uniq_harold

Skill      XL: |  1  2  3  4  5  6  7  8  9 10 11 |
---------------+----------------------------------+-----
Fighting       | 1 2 3 4 5 6 7 8 9 10 | 10.2
Armour         | 2 3 4 5 6 |  6.1
Spellcasting   | 4 5 6 7 8 |  8.1
Conjurations   | 4 5 6 7 8 |  8.1
Hexes          | 4 5 6 7 8 |  8.1
Summonings     | 4 5 6 7 8 |  8.1
Necromancy     | 4 5 6 7 8 |  8.1
Translocations | 4 5 6 7 8 |  8.1
Fire Magic     | 4 5 6 7 8 |  8.1
Ice Magic      | 4 5 6 7 8 |  8.1
Air Magic      | 4 5 6 7 8 |  8.1
Earth Magic    | 4 5 6 7 8 |  8.1
Alchemy        | 4 5 6 7 8 |  8.1
Shields        | 1 4 5 |  5.2
Dodging        | 3 5 6 |  6.2
Stealth        | |  1.5

Action                     |  1- 3 |  4- 6 |  7- 9 | 10-12 || total
---------------------------+-------+-------+-------+-------++-------
  Melee: Unarmed           |     9 |       |       |       ||     9
         Staff             |     6 |     1 |     1 |     5 ||    13
   Cast: Foxfire           |    39 |    10 |    99 |    89 ||   237
         Scorch            |    15 |    61 |    73 |    71 ||   220
         Volatile Blastmot |       |       |     9 |    12 ||    21
         Sandblast         |       |       |     2 |     1 ||     3
         Static Discharge  |       |       |       |    11 ||    11
         Inner Flame       |       |       |       |     1 ||     1
  Evoke: Wand              |       |       |     2 |       ||     2
    Use: Scroll            |       |    10 |     4 |     6 ||    20
         Potion            |       |     2 |     1 |     4 ||     7
 Armour: Robe              |    17 |     6 |       |       ||    23
         Leather armour    |       |    13 |    33 |     2 ||    48
         Steam dragon scal |       |       |       |    59 ||    59
         Ring mail         |       |       |       |     3 ||     3
  Dodge: Dodged            |    20 |    19 |    32 |    36 ||   107
  Block: Buckler           |       |       |     2 |    16 ||    18

Table legend: (Time is in decaauts)
 A = Elapsed time spent in this place.
 B = Non-inter-level travel time spent in this place.
 C = Inter-level travel time spent in this place.
 D = Time resting spent in this place.
 E = Time spent auto-exploring this place.
 F = Levels seen in this place.
 G = Mean time per level.
                   A        B        C        D        E       F      G
               +--------+--------+--------+--------+--------+-----+--------+
         Total |   9133 |   8951 |    182 |      0 |   6960 |   9 | 1014.8 |
       Dungeon |   9133 |   8951 |    182 |      0 |   6960 |   9 | 1014.8 |
               +--------+--------+--------+--------+--------+-----+--------+

Top non-repeatable levels by time:
     D:9: 1846 daAuts
     D:6: 1427 daAuts
     D:5: 1032 daAuts
     D:3: 914 daAuts
     D:7: 873 daAuts
     D:8: 870 daAuts
     D:1: 839 daAuts
     D:4: 701 daAuts
     D:2: 630 daAuts
